 Dungeon Crawl Stone Soup version 0.19.5 (webtiles) character file.

22215 redboom037 the Covert (level 12, -6/111 HPs)
             Began as a Vampire Enchanter on May 2, 2017.
             Was the Champion of Ru.
             Mangled by a frost giant
             ... wielding a +0 great mace of draining
              (32 damage)
             ... in an ice cave.
             The game lasted 01:42:07 (10068 turns).

redboom037 the Covert (Vampire Enchanter)          Turns: 10068, Time: 01:42:08

Health: -6/111     AC: 26    Str:  8    XL:     12   Next: 61%
Magic:  24/33      EV:  2    Int: 21    God:    Ru [******]
Gold:   915        SH:  0    Dex: 13    Spells: 4 memorised, 20 levels left

rFire  + . .     SeeInvis +     u - +6 long sword "Spiderslayer" {flame, rPois rF+ SInv}
rCold  + + .     Gourm    .     (armour currently unavailable)
rNeg   + + +     Faith    .     (no shield)
rPois  +         Spirit   .     (helmet currently unavailable)
rElec  .         Reflect  .     (cloak currently unavailable)
rCorr  .         Harm     .     (gloves currently unavailable)
MR     +++..     NoTele   +     (boots currently unavailable)
Stlth  ++++++....               h - amulet of regeneration
                                D - ring of Vuaw {+Blink rC+ MR++ Dex-2 Slay+3}
                                o - ring "Omaptaf" {rC+ MP+9}

@: tree-form, regenerating quickly
A: (fangs 0), see invisible, screaming 1, (unbreathing), inability to use
devices, inability to train armour, unskilled 1
a: Draw Out Power, Power Leap, Apocalypse, Renounce Religion


You were in an ice cave.
You worshipped Ru.
Ru was exalted by your worship.
You were very full.
You were a tree.
You visited 2 branches of the dungeon, and saw 13 of its levels.
You also visited: Bailey and Ice Cave.

You collected 915 gold pieces.

Inventory:

Hand Weapons
 u - the +6 long sword "Spiderslayer" (weapon) {flame, rPois rF+ SInv}
   (You found it on level 4 of the Dungeon)

   It has been specially enchanted to burn those struck by it, causing extra
   injury to most foes and up to half again as much damage against particularly
   susceptible opponents.
   Big, fiery blades are also staple armaments of hydra-hunters.
   It protects you from fire.
   It protects you from poison.
   It lets you see invisible.
Armour
 b - a +1 robe (melded)
 x - a +2 hat of intelligence (melded)
Jewellery
 h - an amulet of regeneration (around neck)
 o - the ring "Omaptaf" (left branch) {rC+ MP+9}
   (You found it on level 6 of the Dungeon)

   [ring of magical power]

   It protects you from cold.
   It affects your magic capacity (+9).
 D - the ring of Vuaw (right branch) {+Blink rC+ MR++ Dex-2 Slay+3}
   (You found it on level 7 of the Dungeon)

   [ring of protection from cold]

   It affects your dexterity (-2).
   It affects your accuracy and damage with ranged weapons and melee attacks
   (+3).
   It protects you from cold.
   It affects your resistance to hostile enchantments.
   It lets you blink.
Wands
 j - a wand of polymorph (3/24)
 n - a wand of random effects (19/48)
 y - a wand of hasting (2/9)
 C - a wand of iceblast (7/15)
 G - a wand of paralysis (3/24)
Scrolls
 e - 5 scrolls of remove curse
 m - 5 scrolls of teleportation
 p - a scroll of enchant weapon
 r - 4 scrolls of blinking {unknown}
 w - 2 scrolls of identify
 A - 2 scrolls of amnesia {unknown}
 B - 2 scrolls of fog
 H - a scroll of magic mapping {unknown}
 I - 3 scrolls of torment {unknown}
 J - a scroll of enchant armour
Potions
 a - a potion of resistance {unknown}
 d - 46 potions of blood
 f - 3 potions of might {unknown}
 i - 5 potions of brilliance
 q - 2 potions of flight
 s - 3 potions of cure mutation {unknown}
 t - 2 potions of curing {unknown}
 v - 2 potions of mutation {unknown}
 z - a potion of berserk rage {unknown}
 E - a potion of invisibility {unknown}
Books
 c - a book of Maledictions

   Spells                             Type                      Level
   a - Corona                         Hexes                        1
   b - Ensorcelled Hibernation        Hexes/Ice                    2
   c - Confuse                        Hexes                        3
   d - Tukima's Dance                 Hexes                        3
   e - Dazzling Spray                 Conjuration/Hexes            3
 l - a book of Frost

   Spells                             Type                      Level
   a - Freeze                         Ice                          1
   b - Throw Frost                    Conjuration/Ice              2
   c - Ozocubu's Armour               Charms/Ice                   3
   d - Throw Icicle                   Conjuration/Ice              4
   e - Summon Ice Beast               Ice/Summoning                4


   Skills:
   Level 2.2(7.8) Short Blades
 * Level 10.7(10.8) Long Blades
 - Level 2.1 Dodging
 * Level 14.2 Stealth
 * Level 8.3 Spellcasting
 + Level 13.5 Hexes
 - Level 2.5 Translocations


You had 20 spell levels left.
You knew the following spells:

 Your Spells              Type           Power        Failure   Level  Hunger
a - Corona                Hex            ######.      1%          1    None
b - Ensorcelled Hibernat  Hex/Ice        #####.       1%          2    None
c - Confuse               Hex            ######..     1%          3    None
d - Apportation           Tloc           ###.......   2%          1    None


Dungeon Overview and Level Annotations

Branches:
Dungeon (12/15)            Temple (1/1) D:5            Lair (0/6) D:11
    Orc: D:9-12

Altars:
Ashenzari
Cheibriados
Dithmenos
Elyvilon
Fedhas
Gozag
Hepliaklqana
Kikubaaqudgha
Makhleb
Nemelex Xobeh
Okawaru
Qazlal
Ru
Sif Muna
Trog
Uskayaw
Vehumet
Xom
Yredelemnul
Zin
The Shining One

Shops:
D:8 *   D:10 (


Innate Abilities, Weirdness & Mutations

Your natural rate of healing is unusually fast.
((You have razor-sharp teeth.))
You have supernaturally acute eyesight. (SInv)
You occasionally shout uncontrollably at your foes.
((You can survive without breathing.))
You cannot study or use magical devices.
You cannot train Armour skill.
You are somewhat unskilled. (-1 Apt)


Message History

You feel stupid.
Your roots penetrate the ground.
The frost giant hits you with a great mace of draining!!
* * * LOW HITPOINT WARNING * * *
You catch the helpless frost giant completely off-guard!
You slash the frost giant! You burn the frost giant.
The frost giant is heavily wounded.
You catch the helpless frost giant completely off-guard!
You slash the frost giant! You burn the frost giant.
The frost giant is severely wounded.
The frost giant hits you with a great mace of draining.
* * * LOW HITPOINT WARNING * * *
Casting: Confuse
Confirm with . or Enter, or press ? or * to list all spells.
Aiming: Confuse
Press: ? - help, Shift-Dir - straight line, f/p - frost giant
Aim: a frost giant, wielding a great mace of draining (severely wounded, blind, chance to defeat MR: 26%)
The frost giant easily resists.
The frost giant hits you with a great mace of draining!!
You die...

## # ≈≈≈#≈
#####
≈≈≈≈###...##
≈≈≈≈.#.....#
#......##
##..###..##
#....C##..#
#...♣$.#..#
#....$.##.##
#......[#..#
#..#.)).#..#
#..#$..##..#
#..##)##...#
#...###....#
#..........#
.........##


You could see a frost giant (blind).

Vanquished Creatures
  The ghost of Jerry the Carver, a journeyman DgFi (D:12)
  The ghost of letownia the Martial Artist, a journeyman OpTm of Gozag (D:11)
  An unseen horror (D:10)
  Pikel (D:7)
  3 hill giants
  2 manticores
  An ice statue (IceCv)
  A centaur zombie (D:10)
  A gargoyle (D:10)
  A queen bee (D:10)
  14 polar bears (IceCv)
  A two-headed ogre (D:12)
  3 hippogriffs
  37 yaks
  2 wyverns (D:8)
  Duvessa (D:6)
  A water moccasin (D:6)
  A slave (D:7)
  3 ice beasts
  3 sky beasts
  A black bear (D:7)
  An orc warrior (D:8)
  4 phantoms
  A necrophage (D:11)
  12 wolves
  7 ogres
  9 centaurs
  2 crocodiles
  3 big kobolds
  8 bullfrogs
  Blork the orc (D:6)
  A wyvern zombie (D:10)
  3 scorpions
  Dowan (D:6)
  18 killer bees
  3 wights (D:11)
  3 electric eels (D:11)
  7 howler monkeys
  9 crimson imps
  6 hounds
  4 jellies
  4 orc wizards
  6 orc priests
  3 centaur skeletons
  3 bullfrog skeletons
  Natasha (twice) (D:3)
  7 iguanas
  10 worker ants
  A hound zombie (D:10)
  2 hound skeletons
  A spectral howler monkey (D:10)
  3 worker ant zombies
  2 howler monkey zombies
  4 gnolls
  15 adders
  A shadow imp (D:9)
  An ooze (D:7)
  2 adder zombies
  2 adder skeletons (D:10)
  5 worms
  A dart slug (D:1)
  5 leopard geckos
  45 orcs
  A bat (D:1)
  4 giant cockroaches
  14 goblins
  4 hobgoblins
  17 jackals
  6 quokkas
  A ball python (D:4)
  3 frilled lizards
  25 kobolds
  A quokka zombie (D:8)
  7 rats
391 creatures vanquished.

Vanquished Creatures (others)
  A two-headed ogre (D:11)
  A killer bee (D:9)
  2 kobolds
4 creatures vanquished.

Grand Total: 395 creatures vanquished

Notes
Turn   | Place    | Note
-------+----------+-------------------------------------------
     0 | D:1      | redboom037 the Vampire Enchanter began the quest for the Orb.
     0 | D:1      | Reached XP level 1. HP: 13/13 MP: 3/3
   113 | D:1      | Reached XP level 2. HP: 16/19 MP: 5/5
   160 | D:1      | Reached skill level 5 in Hexes
   440 | D:1      | Reached skill level 5 in Stealth
   634 | D:2      | Reached XP level 3. HP: 24/24 MP: 6/6
   670 | D:2      | Learned a level 2 spell: Ensorcelled Hibernation
  1339 | D:2      | Reached XP level 4. HP: 20/30 MP: 2/7
  1395 | D:3      | Reached skill level 6 in Stealth
  1521 | D:3      | Found a sacrificial altar of Ru.
  1565 | D:3      | Reached XP level 5. HP: 27/35 MP: 1/8
  1596 | D:3      | Reached skill level 7 in Stealth
  1641 | D:3      | Became a worshipper of Ru the Awakened
  1824 | D:3      | Reached XP level 6. HP: 41/41 MP: 9/9
  1830 | D:3      | Noticed Natasha
  1843 | D:3      | Killed Natasha
  1881 | D:3      | Noticed Natasha
  1908 | D:3      | Killed Natasha
  2082 | D:4      | Found a snail-covered altar of Cheibriados.
  2283 | D:4      | Reached skill level 8 in Stealth
  2363 | D:4      | Got a faintly glowing long sword
  2364 | D:4      | Identified the +6 long sword "Spiderslayer" {flame, rPois rF+ SInv} (You found it on level 4 of the Dungeon)
  2489 | D:4      | Reached XP level 7. HP: 46/46 MP: 10/10
  2585 | D:4      | Reached skill level 1 in Long Blades
  2726 | D:4      | Found a stormy altar of Qazlal.
  2733 | D:4      | Gained mutation: You cannot train Armour skill. [Ru sacrifice]
  2733 | D:4      | Reached * piety under Ru
  2987 | D:5      | Entered Level 5 of the Dungeon
  3074 | D:5      | Found a staircase to the Ecumenical Temple.
  3229 | D:5      | Found a hazy altar of Hepliaklqana.
  3264 | D:5      | Learned a level 3 spell: Confuse
  3348 | D:5      | You fall through a shaft for 2 floors!
  3361 | D:6      | Reached skill level 9 in Stealth
  3361 | D:6      | Reached skill level 10 in Hexes
  3361 | D:6      | Reached XP level 8. HP: 22/52 MP: 11/11
  3366 | D:6      | Noticed Blork the orc
  3371 | D:6      | Found a bloodstained altar of Trog.
  3417 | D:6      | Killed Blork the orc
  3506 | D:6      | Noticed Duvessa
  3550 | D:6      | Noticed Dowan
  3768 | D:6      | Killed Dowan
  3790 | D:6      | Killed Duvessa
  3849 | D:6      | Got a bound granite ring
  3850 | D:6      | Identified the ring "Omaptaf" {rC+ MP+9} (You found it on level 6 of the Dungeon)
  3916 | D:6      | Found a shimmering altar of Xom.
  3919 | D:6      | Found a basalt altar of Yredelemnul.
  3922 | D:6      | Found an iron altar of Okawaru.
  3943 | D:6      | Reached skill level 5 in Long Blades
  3978 | D:6      | Reached skill level 10 in Stealth
  4262 | D:5      | Reached XP level 9. HP: 56/57 MP: 12/12
  4405 | D:7      | Noticed Pikel
  4420 | D:7      | Killed Pikel
  4508 | D:7      | Got a translucent bone ring
  4575 | D:7      | Identified the ring of Vuaw {+Blink rC+ MR++ Dex-2 Slay+3} (You found it on level 7 of the Dungeon)
  4640 | D:7      | Learned a level 1 spell: Apportation
  4726 | D:7      | Found a sparkling altar of Nemelex Xobeh.
  4771 | D:7      | Reached skill level 11 in Stealth
  4935 | D:8      | Gained mutation: You occasionally shout uncontrollably at your foes. [Ru sacrifice]
  4935 | D:8      | Reached ** piety under Ru
  4938 | D:8      | Found an ancient bone altar of Kikubaaqudgha.
  4974 | D:8      | Found Cuwnil's General Store.
  5196 | D:8      | Reached XP level 10. HP: 53/63 MP: 16/16
  5199 | D:8      | Found a flagged portal.
  5316 | Bailey   | Entered a bailey
  5322 | Bailey   | Noticed an orc knight
  5863 | D:9      | Found an ancient bone altar of Kikubaaqudgha.
  5905 | D:9      | Reached skill level 12 in Stealth
  5915 | D:9      | Reached skill level 5 in Spellcasting
  6507 | D:9      | Gained mutation: You are somewhat unskilled. (-1 Apt) [Ru sacrifice]
  6507 | D:9      | Reduced skill Stealth to level 11
  6507 | D:9      | Reached *** piety under Ru
  6620 | D:9      | Reached skill level 5 in Spellcasting
  6818 | D:10     | Entered Level 10 of the Dungeon
  6921 | D:10     | Noticed a hill giant
  6935 | D:10     | Killed a hill giant
  6935 | D:10     | Reached skill level 1 in Translocations
  7115 | D:10     | Found Otesix's Weapon Shoppe.
  7118 | D:10     | Noticed a gargoyle
  7153 | D:10     | Killed a gargoyle
  7153 | D:10     | Reached XP level 11. HP: 44/68 MP: 19/19
  7249 | D:10     | Noticed an unseen horror
  7266 | D:10     | Killed an unseen horror
  7375 | D:10     | Reached skill level 12 in Stealth
  8066 | D:10     | Noticed a hill giant
  8083 | D:10     | Killed a hill giant
  8134 | D:10     | Gained mutation: You cannot study or use magical devices. [Ru sacrifice]
  8134 | D:10     | Reached **** piety under Ru
  8134 | D:10     | Reached ***** piety under Ru
  8134 | D:10     | Reached ****** piety under Ru
  8291 | Temple   | Entered the Ecumenical Temple
  8659 | D:11     | Noticed letownia's ghost (journeyman OpTm)
  8678 | D:11     | Killed letownia's ghost
  8814 | D:11     | Found a staircase to the Lair.
  8866 | D:11     | Noticed a death knight
  8868 | D:11     | Noticed a phantasmal warrior
  9305 | D:11     | Reached skill level 10 in Long Blades
  9305 | D:11     | Reached skill level 13 in Stealth
  9437 | D:11     | Reached XP level 12. HP: 52/74 MP: 22/22
  9620 | D:12     | Found a frozen archway.
  9621 | D:12     | Noticed Jerry's ghost (journeyman DgFi)
  9666 | D:12     | Killed Jerry's ghost
  9671 | IceCv    | Entered an ice cave
  9881 | IceCv    | Reached skill level 14 in Stealth
  9976 | IceCv    | Noticed a frost giant
 10068 | IceCv    | Mangled by a frost giant

Skill      XL: |  1  2  3  4  5  6  7  8  9 10 11 12 |
---------------+-------------------------------------+-----
Hexes          | 5 6 7 8 10 11 12 12 13 | 13.5
Stealth        | 5 6 7 8 9 10 11 11 13 14 | 14.2
Short Blades   | 2 |  2.2
Long Blades    | 3 5 7 8 10 | 10.7
Spellcasting   | 4 5 7 8 |  8.3
Translocations | 1 2 |  2.5
Dodging        | |  2.1

Action                   |  1- 3 |  4- 6 |  7- 9 | 10-12 || total
-------------------------+-------+-------+-------+-------++-------
Melee: Dagger            |   102 |    20 |       |       ||   122
       Bite              |     5 |    11 |    15 |    53 ||    84
       Short sword       |       |   166 |       |       ||   166
       Long sword        |       |     4 |   282 |   669 ||   955
       Unarmed           |       |       |     3 |       ||     3
 Cast: Corona            |     2 |       |       |       ||     2
       Ensorcelled Hiber |     9 |     7 |       |     3 ||    19
       Confuse           |       |       |    33 |   140 ||   173
Invok: Sacrifice Durabil |       |       |     1 |       ||     1
       Sacrifice Purity  |       |       |     1 |       ||     1
       Sacrifice Skill   |       |       |       |     1 ||     1
       Draw Out Power    |       |       |       |     5 ||     5
       Apocalypse        |       |       |       |     1 ||     1
       Sacrifice Artific |       |       |       |     1 ||     1
 Abil: Evoke Blink       |       |       |     1 |       ||     1
  Use: Potion            |     4 |     8 |     6 |    35 ||    53
       Scroll            |     2 |       |    11 |     6 ||    19
 Stab: Sleeping          |    13 |    11 |    22 |    19 ||    65
       Distracted        |     1 |     1 |       |     5 ||     7
       Confused          |       |       |    16 |    76 ||    92
       Invisible         |       |       |       |    11 ||    11
       Paralysed         |       |       |       |     8 ||     8
  Eat: Corpse            |     2 |       |     8 |     6 ||    16
Armor: Robe              |    21 |    33 |    41 |    94 ||   189
       Skin              |       |       |     1 |    35 ||    36
Dodge: Dodged            |    61 |   117 |   160 |   297 ||   635
       Rpst.: Long sword |       |     1 |    49 |    82 ||   132
